 Dungeon Crawl Stone Soup version 0.23.2-30-g0e89c35649 (webtiles) character file.

Game seed: 16412501633914762733

1763 renwick the Insei (level 9, -2/63 HPs)
             Began as an Octopode Transmuter on June 10, 2019.
             Slain by Joseph
             ... wielding a cursed -2 quarterstaff
              (4 damage)
             ... on level 7 of the Dungeon.
             The game lasted 00:23:15 (9364 turns).

renwick the Insei (Octopode Transmuter)             Turns: 9364, Time: 00:23:17

Health: -2/63      AC:  6    Str: 14    XL:     9   Next: 7%
Magic:  16/17      EV: 16    Int: 16    God:
Gold:   345        SH:  0    Dex: 20    Spells: 9/19 levels left

rFire    x . .     SeeInvis .     - Unarmed
rCold    + + +     Gourm    +   (shield currently unavailable)
rNeg     . . .     Faith    .   (helmet currently unavailable)
rPois    +         Spirit   .   E - amulet of the gourmand
rElec    .         Reflect  .   b - ring of protection from magic
rCorr    .         Harm     .   A - ring of protection from magic
MR       ++...                  B - ring of poison resistance
Stlth    +++.......             (no ring)
HPRegen  0.20/turn              (no ring)
MPRegen  0.15/turn              (no ring)
                                (no ring)
                                (no ring)

@: mighty, agile, ice-form
A: large, almost no armour, stealthy swim, amphibious, 8 rings, (constrict 8)
a: End Transformation


You were on level 7 of the Dungeon.
You were not hungry.
You were a creature of crystalline ice.
You visited 1 branch of the dungeon, and saw 7 of its levels.
You also visited: Sewer.

You collected 345 gold pieces.

Inventory:

Hand Weapons
 p - a +0 trident
 v - a +3 scythe of venom
 w - a +6 antimagic flail
Missiles
 a - 75 arrows
Jewellery
 b - a ring of protection from magic (left front paw)
 A - a ring of protection from magic (right front paw)
 B - a ring of poison resistance (on tentacle)
 E - an amulet of the gourmand (around neck)
Wands
 u - a wand of scattershot (5)
 x - a wand of iceblast (7)
 C - a wand of flame (15)
Scrolls
 e - 2 scrolls of remove curse {unknown}
 g - a scroll of amnesia {unknown}
 k - 4 scrolls of enchant weapon {unknown}
 l - 3 scrolls of blinking {unknown}
 m - 4 scrolls of teleportation
 n - 5 scrolls of enchant armour
 y - a scroll of torment {unknown}
 F - a scroll of identify
Potions
 d - a potion of agility
 f - 4 potions of flight
 h - a potion of invisibility {unknown}
 i - 7 potions of magic
 j - 5 potions of curing
 o - 2 potions of mutation {unknown}
 q - 2 potions of might
 r - a potion of brilliance {unknown}
 s - 2 potions of heal wounds
 t - a potion of lignification {unknown}
 z - 2 potions of haste {unknown}
Comestibles
 c - 18 rations


   Skills:
 - Level 1.2 Fighting
 - Level 3.0 Dodging
 - Level 1.1 Stealth
 - Level 6.1 Unarmed Combat
 + Level 5.6 Spellcasting
 + Level 5.5 Transmutations
 * Level 3.8 Ice Magic
 - Level 4.3 Poison Magic


You had 9 spell levels left.
You knew the following spells:

 Your Spells              Type           Power        Failure   Level  Hunger
a - Beastly Appendage     Tmut           ###...       1%          1    None
b - Sticks to Snakes      Tmut           ###.....     2%          2    #......
c - Spider Form           Tmut/Pois      ###.......   5%          3    ##.....
d - Ice Form              Ice/Tmut       ###.....     21%         4    ####...

Your spell library contained the following spells:

 Spells                   Type           Power        Failure   Level  Hunger
 Sting                    Conj/Pois      ##..         6%          1    None
 Poisonous Vapours        Pois/Air       ##....       9%          2    #......
 Mephitic Cloud           Conj/Pois/Air  #.......     24%         3    ##.....
 Olgreb's Toxic Radiance  Pois           ###.....     24%         4    ####...
 Blade Hands              Tmut           ###.......   38%         5    ######.
 Venom Bolt               Conj/Pois      ##........   85%         5    ######.


Dungeon Overview and Level Annotations

Branches:
Dungeon (7/15)
 Temple: D:4-7

Altars:
Ashenzari
Vehumet
Wu Jian
The Shining One

Annotations:
D:2 1 runed translucent door, exclusion: downstairs, Crazy Yiuf
D:3 exclusion: downstairs
D:4 exclusion: downstairs
D:7 Joseph


Innate Abilities, Weirdness & Mutations

You cannot wear most types of armour.
You are very stealthy in the water. (Stealth+)
You are amphibious.
You can wear up to eight rings at the same time.
((You can use your tentacles to constrict eight enemies at once.))
((Your skin changes colour to match your surroundings (Stealth+).))
((Your rubbery body absorbs attacks. (AC +1, EV +1)))


Message History

The orc barely misses you. x2; The orc hits you but does no damage.
Something hits you but does no damage.
You barely miss Joseph.
Joseph is severely wounded.
Joseph closely misses you. The orc hits you. The orc hits you with a +0 club.
Something hits you but does no damage.
The orc hits you with a cursed +0 dagger.
You punch Joseph! You freeze Joseph.
Joseph is almost dead.
Something hits you. The orc barely misses you.
Joseph hits you with a cursed -2 quarterstaff!
* * * LOW HITPOINT WARNING * * *
The orc hits you but does no damage. The orc closely misses you.
It was a potion of agility.
You feel agile all of a sudden. Something hits you.
* * * LOW HITPOINT WARNING * * *
The orc closely misses you.
Joseph hits you with a cursed -2 quarterstaff.
You die...

###...... ..
.#.......####..
...........#....
#....%...........
.................
.................
......{@.........
.:....oY##.#.....
.###..oo.........
#......<.##...
#.........#
##...........
...............
................
................
#.#.............


You could see Joseph and 3 orcs.

Vanquished Creatures
  Sigmund (D:3)
  Edmund (D:4)
  2 orc warriors
  A necrophage (D:6)
  An ogre (D:5)
  A centaur (D:4)
  A scorpion (D:5)
  3 crimson imps
  A centaur skeleton (D:5)
  2 orc priests
  A bullfrog skeleton (D:4)
  2 hounds (D:4)
  3 orc wizards
  Jessica (D:3)
  Natasha (thrice) (D:2)
  A hell rat (D:6)
  4 worker ants
  A howler monkey skeleton (D:4)
  9 adders
  6 gnolls
  6 river rats (D:6)
  3 oozes
  An adder zombie (D:7)
  An adder skeleton (D:5)
  4 worms
  2 dart slugs
  4 leopard geckos
  14 orcs
  6 bats
  6 giant cockroaches
  5 goblins
  4 hobgoblins
  11 jackals
  2 quokkas
  4 ball pythons
  10 frilled lizards
  10 kobolds
  2 leopard gecko skeletons (D:5)
  20 rats
  3 plants (Sewer)
163 creatures vanquished.

Vanquished Creatures (collateral kills)
  An orc warrior (D:4)
  A gnoll (D:3)
2 creatures vanquished.

Grand Total: 165 creatures vanquished

Notes
Turn   | Place    | Note
-------+----------+-------------------------------------------
     0 | D:1      | renwick the Octopode Transmuter began the quest for the
                  | Orb.
     0 | D:1      | Reached XP level 1. HP: 13/13 MP: 3/3
   121 | D:1      | Reached XP level 2. HP: 14/18 MP: 5/5
   214 | D:1      | Learned a level 2 spell: Sticks to Snakes
  1138 | D:2      | Reached XP level 3. HP: 18/23 MP: 4/6
  1158 | D:2      | Noticed Natasha
  1201 | D:2      | Killed Natasha
  1201 | D:2      | Reached skill level 4 in Unarmed Combat
  1228 | D:2      | Noticed Natasha
  1240 | D:2      | Killed Natasha
  1240 | D:2      | Reached skill level 1 in Stealth
  1240 | D:2      | Reached XP level 4. HP: 25/28 MP: 5/7
  1289 | D:2      | Learned a level 3 spell: Spider Form
  1432 | D:2      | Found a faded altar of an unknown god.
  1836 | D:2      | Noticed Natasha
  1864 | D:2      | Killed Natasha
  2053 | D:2      | Found a runed translucent door.
  2054 | D:2      | Noticed Crazy Yiuf
  2173 | D:3      | Reached skill level 1 in Poison Magic
  2173 | D:3      | Reached XP level 5. HP: 33/33 MP: 8/8
  2244 | D:3      | Noticed Jessica
  2475 | D:3      | Killed Jessica
  2486 | D:3      | Found a glowing drain.
  2498 | Sewer    | Entered a sewer
  3635 | D:3      | Noticed Sigmund
  3804 | D:3      | Reached XP level 6. HP: 38/38 MP: 7/9
  4134 | D:3      | Killed Sigmund
  4457 | D:3      | Reached XP level 7. HP: 43/43 MP: 2/12
  4736 | D:3      | Learned a level 4 spell: Ice Form
  5154 | D:4      | Noticed Edmund
  5310 | D:4      | Reached skill level 5 in Unarmed Combat
  5455 | D:4      | Killed Edmund
  5455 | D:4      | Reached skill level 1 in Ice Magic
  6312 | D:4      | Reached XP level 8. HP: 6/48 MP: 11/14
  6779 | D:5      | Entered Level 5 of the Dungeon
  6785 | D:5      | Found the +5 robe of Misfortune {*Contam Harm *Corrode
                  | *Drain *Slow EV+5}
  7607 | D:5      | Found a glowing golden altar of the Shining One.
  7614 | D:5      | Found a radiant altar of Vehumet.
  7619 | D:5      | Found an ornate altar of the Wu Jian Council.
  7766 | D:5      | Found a shattered altar of Ashenzari.
  7862 | D:5      | Reached skill level 6 in Unarmed Combat
  8259 | D:6      | Found the +2 ratskin cloak {+Rats rPois rN+ Str-1 Int-1
                  | Dex+1}
  8276 | D:6      | HP: 2/48 [hell rat (6)]
  8277 | D:6      | Reached skill level 5 in Spellcasting
  8580 | D:6      | Reached skill level 5 in Transmutations
  9008 | D:6      | Reached XP level 9. HP: 53/53 MP: 4/17
  9346 | D:7      | Noticed Joseph
  9364 | D:7      | HP: 2/63 [something (3)]
  9364 | D:7      | Slain by Joseph

Skill      XL: |  1  2  3  4  5  6  7  8 |
---------------+-------------------------+-----
Unarmed Combat | 4 5 6 |  6.1
Stealth        | 1 |  1.1
Poison Magic   | 1 3 4 |  4.3
Dodging        | 3 |  3.0
Spellcasting   | 3 4 5 |  5.6
Transmutations | 3 4 5 |  5.5
Ice Magic      | 1 3 |  3.8
Fighting       | |  1.2

Action                   |  1- 3 |  4- 6 |  7- 9 || total
-------------------------+-------+-------+-------++-------
Melee: Unarmed           |    57 |   194 |   275 ||   526
       Constrict         |    13 |    32 |    48 ||    93
       Tentacles         |     5 |    26 |    28 ||    59
       Kick              |     5 |    14 |    44 ||    63
       Punch             |     1 |     4 |    10 ||    15
 Cast: Beastly Appendage |     5 |    13 |    26 ||    44
       Spider Form       |       |     4 |     7 ||    11
       Sticks to Snakes  |       |     5 |     6 ||    11
       Ice Form          |       |       |     3 ||     3
  Use: Scroll            |       |     2 |     5 ||     7
       Potion            |       |       |     5 ||     5
 Stab: Sleeping          |     2 |     8 |    11 ||    21
  Eat: Chunk             |     1 |    11 |    18 ||    30
       Ration            |       |       |     1 ||     1
Armor: Skin              |     9 |     8 |    29 ||    46
Dodge: Dodged            |    42 |   101 |   173 ||   316
